 Dungeon Crawl Stone Soup version 0.19.5 (webtiles) character file.

6220 volk64 the Cleaver (level 10, -3/141 HPs)
             Began as a Naga Berserker on Feb 28, 2017.
             Was a High Priest of Trog.
             Slain by equalderp2856's ghost (15 damage)
             ... on level 9 of the Dungeon on Mar 4, 2017.
             The game lasted 00:33:53 (8902 turns).

volk64 the Cleaver (Naga Berserker)                 Turns: 8902, Time: 00:33:54

Health: -3/141     AC: 14    Str: 30    XL:     10   Next: 92%
Magic:  9/9        EV: 12    Int:  7    God:    Trog [*****.]
Gold:   514        SH:  0    Dex: 11    Spells: 0 memorised, 9 levels left

rFire  . . .     SeeInvis +     y - +3 flail (elec)
rCold  . . .     Gourm    .     j - +6 leather armour of Optimism {MR+ Str+2}
rNeg   . . .     Faith    .     (no shield)
rPois  +         Spirit   .     (no helmet)
rElec  .         Reflect  .     t - +0 cloak (curse)
rCorr  .         Harm     .     (no gloves)
MR     ++++.                    (no barding)
Stlth  ..........               (no amulet)
                                (no ring)
                                (no ring)

@: berserking, regenerating, quick
A: molten scales 1, see invisible, deformed body, low mp 1, poison resistance,
slowness 2, slow metabolism 1, spit poison 2, AC +3
a: Breathe Poison Gas, Berserk, Trog's Hand, Brothers in Arms, Burn Spellbooks,
Renounce Religion


You were on level 9 of the Dungeon.
You worshipped Trog.
Trog was extremely pleased with you.
You were very hungry.

You visited 1 branch of the dungeon, and saw 9 of its levels.

You collected 514 gold pieces.

Inventory:

Hand Weapons
 a - a +1 hand axe
 h - a +0 dagger of draining
 m - a +1 dagger of holy wrath
 p - a +4 quarterstaff of chaos
 w - a +0 hand axe of electrocution
 y - a +3 flail of electrocution (weapon)
Armour
 b - a +0 animal skin
 e - a +1 ring mail
 j - the +6 leather armour of Optimism (worn) {MR+ Str+2}
   (You took it off an orc wizard on level 4 of the Dungeon)

   It affects your strength (+2).
   It affects your resistance to hostile enchantments.
 t - a cursed +0 cloak (worn)
 E - a +2 animal skin
Jewellery
 i - an uncursed ring of fire
 A - an uncursed amulet of magic regeneration
Wands
 g - a wand of acid (12/15)
 o - a wand of digging (17/24)
Scrolls
 q - a scroll of remove curse
 u - a scroll of enchant weapon
 z - 2 scrolls of fear
Potions
 f - 2 potions of curing
 l - a potion of agility
 n - a potion of haste
 r - a potion of resistance
 s - a potion of ambrosia
 C - a potion of beneficial mutation {unknown}
Comestibles
 c - 6 bread rations
 d - 6 meat rations
 k - a slice of pizza
 v - a royal jelly
 x - a beef jerky
 B - 4 fruits
 D - 4 chunks of flesh


   Skills:
 + Level 7.6 Fighting
 + Level 8.6(9.8) Axes
 + Level 7.4(9.2) Maces & Flails
 + Level 4.9 Armour
 + Level 5.8 Dodging
 + Level 5.8 Stealth


You had 9 spell levels left.
You didn't know any spells.

Dungeon Overview and Level Annotations

Branches:
Dungeon (9/15)             Temple (0/1) D:7
   Lair: D:8-11         Orc: D:9-12

Altars:
Fedhas
Hepliaklqana
Qazlal
Sif Muna
Trog
The Shining One

Annotations:
D:9 equalderp2856's ghost, novice FeFi


Innate Abilities, Weirdness & Mutations

You cannot wear boots.
Your serpentine skin is tough. (AC +3)
You have supernaturally acute eyesight. (SInv)
Armour fits poorly on your strangely shaped body.
Your system is resistant to poisons. (rPois)
You cover ground very slowly.
You have a slow metabolism.
You can exhale a cloud of poison.
You are partially covered in molten scales. (AC +2)
Your magical capacity is low. (-10% MP)


Message History

You miss equalderp2856's ghost.
Equalderp2856's ghost closely misses you.
You don't know any spells.
A red film seems to cover your vision as you go berserk!
You feel yourself moving faster!
You feel mighty!
You are feeling very hungry.
Equalderp2856's ghost hits you.
* * * LOW HITPOINT WARNING * * *
You thump equalderp2856's ghost!
Equalderp2856's ghost is heavily damaged.
Equalderp2856's ghost completely misses you.
You miss equalderp2856's ghost.
Equalderp2856's ghost is heavily damaged.
You closely miss equalderp2856's ghost.
Equalderp2856's ghost is heavily damaged.
Equalderp2856's ghost hits you but does no damage.
You barely miss equalderp2856's ghost.
Equalderp2856's ghost is heavily damaged.
Equalderp2856's ghost hits you!
You die...

###+######
#..........
#.........#
#.........#
#.........#
+†W.......#
#.@.......#
#..........
#...########
###.'......#
#.#......#
#.#.<....#
#.########
+.. #..


You could see equalderp2856's ghost.

Vanquished Creatures
  A hydra (D:8)
  Pikel (D:6)
  The ghost of bohran the Geomancer, a novice GrEE (D:5)
  Prince Ribbit (D:8)
  2 two-headed ogres (D:8)
  Eustachio (D:5)
  A steam dragon (D:8)
  Grum (D:8)
  Menkaure (D:4)
  Edmund (D:6)
  A water moccasin (D:7)
  3 orc warriors
  2 slaves (D:6)
  A sky beast (D:8)
  3 ice beasts
  A phantom (D:6)
  The ghost of Stick the Chiller, an amateur NaIE (D:4)
  3 wolves (D:8)
  5 ogres
  3 centaurs
  2 bullfrogs
  A scorpion (D:8)
  3 killer bees (D:7)
  3 wights (D:8)
  A howler monkey (D:4)
  A centaur zombie (D:7)
  4 hounds
  5 orc priests
  2 jellies
  12 orc wizards
  A bullfrog skeleton (D:5)
  2 centaur skeletons (D:8)
  Crazy Yiuf (D:6)
  5 worker ants
  A killer bee zombie (D:8)
  2 hound skeletons
  A hound zombie (D:8)
  3 gnolls (D:8)
  A howler monkey skeleton (D:5)
  10 adders
  An adder zombie (D:7)
  An adder skeleton (D:6)
  5 worms
  2 dart slugs
  4 leopard geckos
  31 orcs
  3 ball pythons
  5 giant cockroaches
  4 goblins
  14 hobgoblins
  14 jackals
  8 kobolds
  2 quokkas
  7 bats
  8 frilled lizards
  A leopard gecko zombie (D:6)
  11 rats
216 creatures vanquished.

Vanquished Creatures (others)
  A slave (D:6)
  A bullfrog (D:6)
  2 orcs (D:6)
  A jackal (D:6)
5 creatures vanquished.

Grand Total: 221 creatures vanquished

Notes
Turn   | Place    | Note
-------+----------+-------------------------------------------
     0 | D:1      | volk64 the Naga Berserker began the quest for the Orb.
     0 | D:1      | Reached XP level 1. HP: 21/21 MP: 1/1
   144 | D:1      | HP: 1/21 [hobgoblin (3)]
   148 | D:1      | Reached XP level 2. HP: 2/28 MP: 2/2
   891 | D:1      | Reached XP level 3. HP: 34/34 MP: 3/3
  1224 | D:1      | Reached ** piety under Trog
  1539 | D:2      | Found a glowing golden altar of the Shining One.
  1582 | D:2      | Found a stormy altar of Qazlal.
  1590 | D:2      | Reached XP level 4. HP: 33/44 MP: 4/4
  2129 | D:2      | Found a blossoming altar of Fedhas.
  2274 | D:2      | Reached skill level 4 in Axes
  2775 | D:3      | Reached XP level 5. HP: 38/50 MP: 5/5
  2802 | D:3      | Found a hazy altar of Hepliaklqana.
  2982 | D:3      | Reached XP level 6. HP: 21/57 MP: 6/6
  3228 | D:3      | Reached skill level 5 in Axes
  3229 | D:3      | Reached *** piety under Trog
  3259 | D:3      | Gained mutation: You are partially covered in molten scales. (AC +2) [potion of mutation]
  3259 | D:3      | Gained mutation: Your magical capacity is low. (-10% MP) [potion of mutation]
  3259 | D:3      | Gained mutation: You can exhale a cloud of poison. [potion of mutation]
  3407 | D:4      | Noticed Stick's ghost (amateur NaIE)
  3425 | D:4      | Killed Stick's ghost
  3425 | D:4      | Reached XP level 7. HP: 47/66 MP: 6/6
  3466 | D:4      | Got a fine leather armour
  3484 | D:4      | Identified the +6 leather armour of Optimism {MR+ Str+2} (You took it off an orc wizard on level 4 of the Dungeon)
  3800 | D:4      | Reached skill level 1 in Stealth
  3801 | D:4      | Noticed Menkaure
  3813 | D:4      | Killed Menkaure
  3813 | D:4      | Reached skill level 6 in Axes
  4190 | D:4      | Reached XP level 8. HP: 68/73 MP: 7/7
  4246 | D:5      | Entered Level 5 of the Dungeon
  4256 | D:5      | Noticed bohran's ghost (novice GrEE)
  4286 | D:5      | Killed bohran's ghost
  4286 | D:5      | Reached skill level 5 in Fighting
  4439 | D:5      | Noticed Eustachio
  4450 | D:5      | Reached skill level 7 in Axes
  4824 | D:5      | Killed Eustachio
  5595 | D:6      | Reached XP level 9. HP: 13/81 MP: 8/8
  5894 | D:6      | Reached **** piety under Trog
  5912 | D:6      | Noticed Edmund
  5921 | D:6      | Reached skill level 8 in Axes
  5926 | D:6      | Killed Edmund
  5989 | D:6      | Noticed Pikel
  6003 | D:6      | Killed Pikel
  6003 | D:6      | Reached skill level 1 in Maces & Flails
  6249 | D:6      | Found a runed door.
  6590 | D:6      | Noticed Crazy Yiuf
  6596 | D:6      | Killed Crazy Yiuf
  6675 | D:7      | Reached skill level 5 in Dodging
  6713 | D:7      | Found a staircase to the Ecumenical Temple.
  7197 | D:7      | Found a bloodstained altar of Trog.
  7214 | D:7      | Reached skill level 5 in Stealth
  7329 | D:7      | Reached XP level 10. HP: 92/92 MP: 9/9
  7403 | D:7      | Found a deep blue altar of Sif Muna.
  7666 | D:8      | Upgraded the game from 0.19.4-25-g1b72edd to 0.19.5
  7698 | D:8      | Noticed a six-headed hydra
  7707 | D:8      | Killed a six-headed hydra
  7707 | D:8      | Reached skill level 5 in Maces & Flails
  8002 | D:8      | Reached ***** piety under Trog
  8374 | D:8      | Noticed Grum
  8388 | D:8      | Killed Grum
  8698 | D:8      | Noticed Prince Ribbit
  8712 | D:8      | Killed Prince Ribbit
  8878 | D:9      | Noticed equalderp2856's ghost (novice FeFi)
  8895 | D:9      | HP: 4/94 [equalderp2856's ghost (21)]
  8902 | D:9      | Slain by equalderp2856's ghost

Skill      XL: |  1  2  3  4  5  6  7  8  9 10 |
---------------+-------------------------------+-----
Dodging        | 2 3 4 5 |  5.8
Axes           | 4 5 6 7 8 |  8.6
Armour         | 2 3 4 |  4.9
Fighting       | 4 5 6 7 |  7.6
Stealth        | 1 3 5 |  5.8
Maces & Flails | 4 7 |  7.4

Action                   |  1- 3 |  4- 6 |  7- 9 | 10-12 || total
-------------------------+-------+-------+-------+-------++-------
Melee: Hand axe          |    98 |   164 |   234 |       ||   496
       Flail             |       |       |   125 |   144 ||   269
Invok: Berserk           |     1 |     3 |     8 |     5 ||    17
       Trog's Hand       |       |     1 |     4 |     1 ||     6
       Burn Spellbooks   |       |       |     1 |       ||     1
 Abil: Spit Poison       |     3 |     3 |       |       ||     6
       Breathe Poison Ga |       |     2 |     5 |     9 ||    16
  Use: Potion            |     4 |     2 |     2 |       ||     8
       Scroll            |     3 |     1 |    11 |     1 ||    16
 Stab: Sleeping          |     1 |       |     6 |     2 ||     9
       Distracted        |       |       |     1 |       ||     1
  Eat: Chunk             |     3 |     7 |    16 |    11 ||    37
       Bread ration      |       |       |     1 |       ||     1
Armor: Animal skin       |    13 |    18 |       |       ||    31
       Ring mail         |       |    32 |    21 |       ||    53
       Leather armour    |       |       |   229 |    58 ||   287
Dodge: Dodged            |    46 |    90 |   259 |   100 ||   495
